 Dungeon Crawl Stone Soup version 0.14-a0-1761-gdbd231b (console) character file.

180 Kite the Chopper (level 4, -2/40 HPs)
             Began as a Hill Orc Berserker on Jan 5, 2014.
             Was a Believer of Trog.
             Slain by Grinder (5 damage)
             ... on Level 3 of the Dungeon.
             The game lasted 00:36:55 (2612 turns).

Kite the Chopper (Hill Orc Berserker)               Turns: 2612, Time: 00:37:00

HP  -2/40        AC  6     Str 20      XL: 4   Next: 98%
MP   4/4         EV  9     Int  7      God: Trog [**....]
Gold 66          SH  0     Dex 10      Spells:  0 memorised,  3 levels left

rFire  . . .     SeeInvis .     a - +0,+5 orc cutlass
rCold  . . .     Clarity  .     A - +0 scale mail
rNeg   . . .     Conserve .     (no shield)
rPois  .         rCorr    .     (no helmet)
rElec  .         rRot     .     (no cloak)
SustAb . .       Spirit   .     (no gloves)
rMut   .         Warding  .     (no boots)
Saprov + . .     Stasis   .     (no amulet)
                                (no ring)
                                (no ring)

@: slightly resistant to hostile enchantments, extremely unstealthy
A: saprovore 1
a: Burn Spellbooks, Berserk, Trog's Hand, Renounce Religion


You were on level 3 of the Dungeon.
You worshipped Trog.
Trog was pleased with you.
You were not hungry.

You visited 1 branch of the dungeon, and saw 3 of its levels.

You collected 66 gold pieces.

Inventory:

Hand weapons
 a - a +0,+5 orcish cutlass (weapon)
 b - a +0,+0 sling
 B - a +0,+0 orcish hand axe
Missiles
 d - 29 sling bullets
 e - 3 darts of flame
 f - 6 darts
 j - 19 stones (quivered)
Armour
 l - a +0 ring mail
 A - a +0 scale mail (worn)
Comestibles
 c - a meat ration
 u - 3 bread rations
 w - 10 sultanas
Scrolls
 k - a scroll of blinking
 n - a scroll of curse weapon {unknown}
 q - a scroll of teleportation {unknown}
 x - a scroll of enchant weapon II {unknown}
 y - a scroll of remove curse {unknown}
Potions
 h - a potion of heal wounds
 i - a potion of might
 m - a potion of invisibility {unknown}
 p - a potion of paralysis {unknown}
 r - a potion of curing {unknown}
 s - a potion of brilliance {unknown}
 z - 2 potions of agility {unknown}


   Skills:
 + Level 4.2 Fighting
 + Level 4.7 Axes
 + Level 1.1 Slings
 + Level 1.5 Throwing
 + Level 2.9 Armour
 + Level 2.2 Dodging
 + Level 0.6 Stealth


You had 3 spell levels left.
You didn't know any spells.

Dungeon Overview and Level Annotations

Branches:
Dungeon (3/16)

Altars:

Annotations:
D:2 Beogh believers!
D:3 Grinder


Innate Abilities, Weirdness & Mutations

You can tolerate rotten meat.


Message History

You hit Grinder.
Grinder is moderately wounded.
Grinder hits you!
You hit Grinder.
Grinder is moderately wounded.
Grinder hits you but does no damage.
You closely miss Grinder.
Grinder is moderately wounded.
Grinder zaps a wand.
The puff of flame hits you!
You closely miss Grinder.
Grinder is moderately wounded.
Grinder zaps a wand.
The puff of flame hits you!
Your scale mail prevents you from hitting Grinder.
Grinder is moderately wounded.
Grinder zaps a wand.
The puff of flame hits you!
* * * LOW HITPOINT WARNING * * *
Grinder hits you!
* * * LOW HITPOINT WARNING * * *
You writhe in agony.
You die...

##### #...#
#<.[# #@..#
#.5......>..
#(...######
#.....
#.....#
(.#...#
.(.##### ...


You could see Grinder.

Vanquished Creatures
  4 adders (D:2)
  2 giant mites
  2 worms (D:2)
  A giant gecko (D:2)
  6 bats
  3 giant cockroaches
  2 goblins
  10 hobgoblins
  5 jackals
  3 giant newts
  7 kobolds
  A rat (D:1)
46 creatures vanquished.

Notes
Turn   | Place    | Note
--------------------------------------------------------------
     0 | D:1      | Kite, the Hill Orc Berserker, began the quest for the Orb.
     0 | D:1      | Reached XP level 1. HP: 19/19 MP: 1/1
    82 | D:1      | Reached XP level 2. HP: 12/27 MP: 2/2
   788 | D:1      | Reached XP level 3. HP: 33/33 MP: 3/3
   794 | D:1      | Acquired Trog's second power
  1262 | D:2      | Reached skill level 1 in Throwing
  1346 | D:2      | Reached XP level 4. HP: 40/40 MP: 4/4
  1814 | D:2      | Reached skill level 1 in Slings
  2477 | D:3      | Noticed Grinder
  2612 | D:3      | Slain by Grinder

Action                   |  1- 3 |  4- 6 || total
-------------------------+-------+-------++-------
Melee: Hand axe          |   100 |    23 ||   123
       Cutlass           |       |     9 ||     9
 Fire: Sling             |    18 |    15 ||    33
Throw: Dart              |    36 |     6 ||    42
       Stone             |       |    16 ||    16
Invok: Berserk           |     1 |       ||     1
       Trog's Hand       |     1 |       ||     1
  Use: Scroll            |     1 |     6 ||     7
       Potion            |       |     1 ||     1
